 Dungeon Crawl Stone Soup version 0.31-a0-984-gbfb7dba898 (webtiles) character file.

Game seed: 8111012507982572758

80 Conn the Sneak (level 4, 0/40 HPs)
             Began as an Octopode Fire Elementalist on Nov 3, 2023.
             Slain by Sigmund
             ... wielding a +0 scythe
              (9 damage)
             ... on level 3 of the Dungeon.
             The game lasted 00:04:20 (2208 turns).

Conn the Sneak (Octopode Fire Elementalist)         Turns: 2208, Time: 00:04:23

Health: 0/40       AC:  1    Str:  7    XL:     4   Next: 39%
Magic:  4/7        EV: 13    Int: 19    God:
Gold:   65         SH:  0    Dex: 12    Spells: 2/8 levels left

rFire   . . .        e - staff of conjuration
rCold   . . .        (no shield)
rNeg    . . .        (helmet restricted)
rPois   .            (no amulet)
rElec   .            f - ring of resist corrosion
rCorr   +            (no ring)
SInv    .            (no ring)
Will    .....        (no ring) Stlth
                     (no ring)
HPRegen 0.26/turn    (no ring)
MPRegen 0.10/turn    (no ring)
                     (no ring)

%: no passive effects
@: berserking, very quick
A: almost no armour, amphibious, 8 rings, camouflage 1, gelatinous body 1,
(nimble swimmer 1), tentacles
a: no special abilities


You were on level 3 of the Dungeon.
You visited 1 branch of the dungeon, and saw 3 of its levels.

You collected 149 gold pieces.
You spent 84 gold pieces at shops.

Inventory:

Hand Weapons
 h - a +0 short sword
Magical Staves
 e - a staff of conjuration (weapon)
Jewellery
 f - a ring of resist corrosion (left tentacle)
Scrolls
 i - 2 scrolls of teleportation
Potions
 b - a potion of enlightenment
 c - a potion of brilliance
 g - a potion of curing
 j - a potion of haste {unknown}


   Skills:
 + Level 2.5 Dodging
 + Level 3.6 Stealth
 * Level 2.5 Spellcasting
 * Level 2.1 Conjurations
 + Level 0.0 Hexes
 + Level 3.4 Fire Magic


You had 2 spell levels left.
You knew the following spells:

 Your Spells              Type           Power      Damage    Failure   Level
a - Foxfire               Conj/Fire      76%        2x1d7     4%          1
b - Scorch                Fire           30%        2d6       6%          2
c - Inner Flame           Hex/Fire       9%         N/A       24%         3

Your spell library contained the following spells:

 Spells                   Type           Power      Damage    Failure   Level
 Poisonous Vapours        Pois/Air       4%         N/A       24%         2
 Volatile Blastmotes      Fire/Tloc      16%        2d11      24%         3
 Mephitic Cloud           Conj/Pois/Air  7%         N/A       34%         3
 Gell's Gravitas          Tloc           2%         N/A       43%         3
 Teleport Other           Tloc           2%         N/A       43%         3
 Flame Wave               Conj/Fire      19%        2d7       45%         4
 Animate Dead             Necr           2%         N/A       85%         4
 Freezing Cloud           Conj/Ice/Air   3%         6-21      97%         5
 Summon Forest            Summ/Tloc      1%         N/A       99%         5
 Summon Mana Viper        Hex/Summ       2%         N/A       99%         5
 Dispersal                Tloc           1%         N/A       100%        6
 Summon Cactus Giant      Summ           1%         N/A       100%        6
 Haunt                    Necr/Summ      1%         N/A       100%        7
 Infestation              Necr           1%         N/A       100%        8


Dungeon Overview and Level Annotations

Branches:
Dungeon (3/15)

Altars:

Shops:
D:3 ?

Annotations:
D:3 Ijyb, Sigmund


Innate Abilities, Weirdness & Mutations

You cannot wear most types of armour.
You are amphibious.
You can wear up to eight rings at the same time.
Your skin changes colour to match your surroundings (Stealth+).
Your rubbery body absorbs attacks. (AC +1, EV +1)
((You are camouflaged when in or above water. (Stealth+)))
You have tentacles for arms and can constrict up to eight enemies at once.


Message History

Unknown command.
You hit Ijyb but do no damage. Your grab misses Ijyb.
You squeeze Ijyb, but do no damage.
Ijyb is heavily wounded.
The foxfire hits Ijyb.
Ijyb is severely wounded.
The foxfire hits Ijyb.
Ijyb is severely wounded.
The foxfire hits Ijyb.
Ijyb is severely wounded.
Ijyb hits you with a +0 dagger.
Something tries to affect you, but you resist.
Magic courses through your body.
Ijyb zaps a wand.
The puff of flame misses you.
Casting: Foxfire (safe; 4% risk of failure)
Confirm with . or Enter, or press ? or * to list all spells.
Flames lash Ijyb but do no damage.
Ijyb hits you but does no damage.
A puff of flame appears from out of thin air!
The puff of flame hits you!
Casting: Scorch (safe; 6% risk of failure)
Confirm with . or Enter, or press ? or * to list all spells.
Flames lash something.
Ijyb hits you with a +0 dagger.
* * * LOW HITPOINT WARNING * * *
It was a potion of curing.
You feel better.
Ijyb zaps a wand.
The puff of flame hits you. Something hits you!
* * * LOW HITPOINT WARNING * * *
Okay, then.
Okay, then.
Casting: Scorch (safe; 6% risk of failure)
Confirm with . or Enter, or press ? or * to list all spells.
Okay, then.
Unknown command.
Unknown command.
A red film seems to cover your vision as you go berserk!
You feel yourself moving faster!
You feel mighty!
Ijyb grins evilly.
Ijyb hits you with a +0 dagger.
* * * LOW HITPOINT WARNING * * *
Something hits you!
You die...

#### ..# .#..
#.# ..# #.#
#.###.######
##.ยง##......#
###...##.####.##
####...#....#
#...#
#.........###
#...#
.....#@.###
#...## .## #g##
##...# #.#
#...## #>#
##...## #.#
##...## #..
##...# ### #...#
##... #...


You could see Ijyb.

Vanquished Creatures
  3 adders
  3 worms (D:2)
  2 dart slugs (D:1)
  An orc (D:2)
  3 bats
  2 endoplasms (D:2)
  4 goblins
  5 hobgoblins
  4 jackals (D:2)
  2 quokkas
  3 ball pythons
  A frilled lizard (D:2)
  7 rats
40 creatures vanquished.

Vanquished Creatures (others)
  135 foxfires
135 creatures vanquished.

Grand Total: 175 creatures vanquished

Notes
Turn   | Place    | Note
-------+----------+-------------------------------------------
     0 | D:1      | Conn the Octopode Fire Elementalist began the quest for the
                  | Orb.
     0 | D:1      | Reached XP level 1. HP: 11/11 MP: 3/3
   264 | D:1      | Reached XP level 2. HP: 17/17 MP: 1/5
  1011 | D:1      | Learned a level 2 spell: Scorch
  1130 | D:2      | Reached XP level 3. HP: 21/21 MP: 2/6
  1543 | D:2      | Reached XP level 4. HP: 27/27 MP: 2/7
  1928 | D:2      | Learned a level 3 spell: Inner Flame
  2062 | D:3      | Found Geixkil's Magic Scroll Emporium.
  2067 | D:3      | Bought a scroll of identify for 28 gold pieces
  2067 | D:3      | Bought a scroll of identify for 28 gold pieces
  2067 | D:3      | Bought a scroll of identify for 28 gold pieces
  2195 | D:3      | Noticed Ijyb
  2195 | D:3      | Noticed Sigmund
  2208 | D:3      | Slain by Sigmund

Illustrated notes

Levels and vault maps discovered:
D:1:      dpeg_arrival_ratfight, layout_basic
D:2:      layout_basic, minmay_distorted
D:3:      layout_rooms, overflow_temple_1_default, serial_curves,
          eino_curves_03, eino_curves_02, eino_curves_02, serial_shops, shop,
          uniq_ijyb, uniq_sigmund, uniq_robin

Skill      XL: |  1  2  3  4 |
---------------+-------------+-----
Stealth        | 3 |  3.6
Conjurations   | 2 |  2.1
Dodging        | |  2.5
Spellcasting   | |  2.5
Fire Magic     | |  3.4

Action                     |  1- 3 |  4- 6 || total
---------------------------+-------+-------++-------
  Melee: Constrict         |     4 |     3 ||     7
         Unarmed           |     2 |       ||     2
         Staff             |     9 |     8 ||    17
         Tentacles         |     2 |     2 ||     4
   Cast: Foxfire           |    54 |    26 ||    80
         Scorch            |       |     2 ||     2
    Use: Scroll            |     2 |     3 ||     5
         Potion            |       |     3 ||     3
   Stab: Sleeping          |     1 |       ||     1
 Armour: Skin              |    12 |    14 ||    26
  Dodge: Dodged            |    19 |    13 ||    32

Table legend: (Time is in decaauts)
 A = Elapsed time spent in this place.
 B = Non-inter-level travel time spent in this place.
 C = Inter-level travel time spent in this place.
 D = Time resting spent in this place.
 E = Time spent auto-exploring this place.
 F = Levels seen in this place.
 G = Mean time per level.
                   A        B        C        D        E       F      G
               +--------+--------+--------+--------+--------+-----+--------+
         Total |   2210 |   2152 |     58 |      0 |   1664 |   3 |  736.7 |
       Dungeon |   2210 |   2152 |     58 |      0 |   1664 |   3 |  736.7 |
               +--------+--------+--------+--------+--------+-----+--------+

Top non-repeatable levels by time:
     D:1: 1035 daAuts
     D:2: 971 daAuts
     D:3: 203 daAuts
